 Dungeon Crawl Stone Soup version 0.29-a0-1047-g7c58e119a4 (webtiles) character file.

Game seed: 15948055151921560376

458 ketsa the Conjurer (level 6, -1/32 HPs)
             Began as a Deep Elf Conjurer on Aug 16, 2022.
             Slain by a river rat (9 damage)
             ... in a sewer.
             The game lasted 00:20:35 (5910 turns).

ketsa the Conjurer (Deep Elf Conjurer)              Turns: 5910, Time: 00:20:36

Health: -1/32      AC:  2    Str:  4    XL:     6   Next: 77%
Magic:  13/25      EV: 13    Int: 25    God:
Gold:   369        SH:  0    Dex: 13    Spells: 9/15 levels left

rFire   . . .      SeeInvis +   n - +5 hammer of the Pill Bug {flame, rElec rPois rC+}
rCold   + . .      Faith    .   (no shield)
rNeg    . . .      Spirit   .   a - +0 robe
rPois   +          Reflect  .   (no helmet)
rElec   +          Harm     .   (no cloak)
rCorr   .          Rampage  .   (no gloves)
Will    .....                   (no boots)
Stlth   +++.......              (no amulet)
HPRegen 0.10/turn               h - ring "Huargh" {rPois MP+9 SInv Stlth+}
MPRegen 0.19/turn               (no ring)

@: no status effects
A: no striking features
a: no special abilities


You were in a sewer.
You visited 1 branch of the dungeon, and saw 5 of its levels.
You also visited: Sewer.

You collected 369 gold pieces.

Inventory:

Hand Weapons
 c - a +0 short sword
 f - a +0 dagger
 i - a +1 whip of draining
 n - the +5 hammer of the Pill Bug (weapon) {flame, rElec rPois rC+}
   (You found it on level 2 of the Dungeon)

   It burns those it strikes, dealing additional fire damage.
   rC:        It protects you from cold.
   rElec:     It insulates you from electricity.
   rPois:     It protects you from poison.
 o - a +0 hammer of protection
Missiles
 q - 5 poisoned darts
Armour
 a - a +0 robe (worn)
 t - a +1 leather armour of fire resistance
Jewellery
 h - the ring "Huargh" (left hand) {rPois MP+9 SInv Stlth+}
   (You acquired it on level 1 of the Dungeon)

   [ring of see invisible]

   rPois:     It protects you from poison.
   MP:        It affects your magic capacity (+9).
   SInv:      It lets you see invisible.
   Stlth:     It makes you more stealthy.
Wands
 e - a wand of roots (19)
 s - a wand of flame (8)
Scrolls
 m - 2 scrolls of teleportation
 u - 6 scrolls of identify
Potions
 b - 3 potions of magic
 d - 2 potions of resistance
 g - 2 potions of attraction
 j - a potion of might {unknown}
 k - 5 potions of curing
 l - 4 potions of flight
 p - a potion of heal wounds {unknown}
 r - 3 potions of lignification
 v - a potion of brilliance {unknown}
 w - 2 potions of haste {unknown}


   Skills:
 - Level 3.6 Dodging
 - Level 3.9 Stealth
 + Level 5.4 Spellcasting
 * Level 6.5 Conjurations
 + Level 3.1 Hexes


You had 9 spell levels left.
You knew the following spells:

 Your Spells              Type           Power      Damage    Failure   Level
a - Magic Dart            Conj           100%       1d8       1%          1
b - Searing Ray           Conj           78%        2d7       1%          2
c - Dazzling Flash        Conj/Hex       62%        N/A       3%          3

Your spell library contained the following spells:

 Spells                   Type           Power      Damage    Failure   Level
 Conjure Flame            Conj/Fire      23%        6-21      6%          3
 Apportation              Tloc           12%        N/A       8%          1
 Fulminant Prism          Conj/Hex       15%        3d11      11%         4
 Poisonous Vapours        Pois/Air       12%        N/A       12%         2
 Iskenderun's Mystic Bla  Conj/Tloc      23%        2d6       21%         4
 Sticky Flame             Conj/Fire      23%        2d4       21%         4
 Gell's Gravitas          Tloc           6%         N/A       24%         3
 Ignite Poison            Fire/Tmut/Pois 6%         N/A       24%         3
 Lesser Beckoning         Tloc           6%         N/A       24%         3
 Teleport Other           Tloc           6%         N/A       24%         3
 Corpse Rot               Necr/Pois/Air  6%         N/A       61%         4
 Alistair's Intoxication  Tmut/Pois      4%         N/A       91%         5
 Lee's Rapid Deconstruct  Erth           3%         3d6*      91%         5


Dungeon Overview and Level Annotations

Branches:
Dungeon (5/15)              Sewer (1/1)
 Temple: D:4-7

Altars:
Cheibriados
Elyvilon
Nemelex Xobeh
Sif Muna

Annotations:
D:2 1 runed translucent door, exclusion: door, Crazy Yiuf
D:3 2 transporters, Sigmund; t4s4d4r's ghost, amateur OpAE


Message History

You finish channelling your searing ray.
The river rat bites you.
Casting: Searing Ray (safe; 1% risk of failure)
Confirm with . or Enter, or press ? or * to list all spells.
Aiming: Searing Ray (safe; 1% risk of failure)
Press: ? - help, Shift-Dir - straight line, f - river rat
Aim: a river rat (moderately wounded, 78% to hit)
The searing ray misses the river rat.
The searing ray hits the river rat!
The river rat is severely wounded. (Press . to maintain the ray.)
The river rat barely misses you.
The searing ray hits the river rat!
You kill the river rat!
The river rat barely misses you. The river rat bites you!
Casting: Searing Ray (safe; 1% risk of failure)
Confirm with . or Enter, or press ? or * to list all spells.
Restarting spell: Searing Ray (safe; 1% risk of failure)
Press: ? - help, Shift-Dir - straight line, f - river rat
Aim: a river rat (lightly wounded, 78% to hit)
The searing ray hits the river rat.
The river rat is heavily wounded. (Press . to maintain the ray.)
The river rat bites you.
* * * LOW HITPOINT WARNING * * *
The river rat misses you.
The searing ray hits the river rat!
You kill the river rat!
The river rat barely misses you.
Casting: Searing Ray (safe; 1% risk of failure)
Confirm with . or Enter, or press ? or * to list all spells.
Restarting spell: Searing Ray (safe; 1% risk of failure)
Press: ? - help, Shift-Dir - straight line, f - river rat
Aim: a river rat (severely wounded, 78% to hit)
The searing ray misses the river rat. (Press . to maintain the ray.)
The river rat closely misses you.
The searing ray hits the river rat.
The river rat is almost dead.
The river rat bites you!
You die...

#~≈~~.~.† #.≈.≈≈≈ #~≈~~~ #~≈~#
#.≈~# ###### ###### #.≈~# #....#
#!.!.# #~≈~#####''#####''#####
#.~~~~~.††...†r......∩#
#.~~~.~......@†......∩# #~≈.
#~≈~#####''#####''##### #.≈~
#.≈~# #....# .r..# #~≈~ #~≈~#
###### ###### #~≈~
####~≈~#######################~≈~
≈≈≈≈~≈~~~~.~~~~~~~~~~~.~~~.~~~~.~
≈≈≈≈~≈≈≈≈≈≈≈≈≈≈≈≈≈≈≈≈≈≈≈≈≈≈≈≈≈≈≈≈
≈≈≈≈~~~.~~.~..~~~~~~~~~.~~~.~~.~~
#################################


You could see a river rat.

Vanquished Creatures
  A hound (D:4)
  Ijyb (D:3)
  Natasha (thrice) (D:4)
  8 adders
  8 gnolls
  5 river rats (Sewer)
  An ufetubus (D:5)
  3 worms
  5 dart slugs
  6 orcs
  6 endoplasms
  4 giant cockroaches
  14 goblins
  6 hobgoblins
  2 jackals (Sewer)
  3 quokkas
  9 ball pythons
  13 bats
  4 frilled lizards
  14 kobolds
  10 rats
126 creatures vanquished.

Vanquished Creatures (others)
  A quokka (D:3)
  A fungus (D:1)
  7 plants (D:1)
  4 toadstools (D:1)
13 creatures vanquished.

Grand Total: 139 creatures vanquished

Notes
Turn   | Place    | Note
-------+----------+-------------------------------------------
     0 | D:1      | ketsa the Deep Elf Conjurer began the quest for the Orb.
     0 | D:1      | Reached XP level 1. HP: 10/10 MP: 6/6
   205 | D:1      | Found a faded altar of an unknown god.
   267 | D:1      | Reached XP level 2. HP: 15/15 MP: 4/8
   733 | D:1      | Reached XP level 3. HP: 19/19 MP: 4/9
   933 | D:1      | Identified a scroll of acquirement
   933 | D:1      | Acquired the ring "Huargh" {rPois MP+9 SInv Stlth+}
   995 | D:1      | Learned a level 2 spell: Searing Ray
  1563 | D:2      | Reached XP level 4. HP: 12/24 MP: 9/11
  1768 | D:2      | Reached skill level 5 in Conjurations
  2101 | D:2      | Identified the +5 hammer of the Pill Bug {flame, rElec
                  | rPois rC+}
  2112 | D:2      | Found a runed translucent door.
  2113 | D:2      | Noticed Crazy Yiuf
  2424 | D:2      | Found a shimmering blue altar of Sif Muna.
  2917 | D:3      | Noticed Ijyb
  3082 | D:3      | Found a white marble altar of Elyvilon.
  3111 | D:3      | Learned a level 3 spell: Dazzling Flash
  3131 | D:3      | Found a snail-covered altar of Cheibriados.
  3163 | D:3      | Killed Ijyb
  3164 | D:3      | Reached XP level 5. HP: 20/28 MP: 13/13
  3413 | D:3      | Noticed Sigmund
  3520 | D:3      | Found a transporter.
  3522 | D:3      | Noticed t4s4d4r's ghost (amateur OpAE)
  3529 | D:3      | Found a transporter.
  3567 | D:3      | Found a sparkling altar of Nemelex Xobeh.
  4158 | D:4      | Reached skill level 1 in Hexes
  4352 | D:4      | Noticed Natasha
  4356 | D:4      | Killed Natasha
  4472 | D:4      | Noticed Natasha
  4474 | D:4      | Killed Natasha
  4613 | D:4      | Noticed Natasha
  4617 | D:4      | Killed Natasha
  4618 | D:4      | Reached skill level 5 in Spellcasting
  4618 | D:4      | Reached skill level 6 in Conjurations
  4618 | D:4      | Reached XP level 6. HP: 32/32 MP: 15/15
  5054 | D:5      | Entered Level 5 of the Dungeon
  5218 | D:5      | Noticed an ice beast
  5240 | D:5      | Found a glowing drain.
  5474 | D:5      | Noticed an ice beast
  5516 | Sewer    | Entered a sewer
  5910 | Sewer    | Slain by a river rat

Illustrated notes

Levels and vault maps discovered:
D:1:      ldierk_walled_garden_2, layout_loops_corners,
          shapermc_ecumenical_altar_mp_ritualfount, minivault_11,
          chequers_serial_rivers_room_b, grunt_decor_one_mirror,
          minmay_pentomino_u2
D:2:      cheibrodos_greedy_goblins, layout_loops_ring, basic_altar,
          uniq_crazy_yiuf_cottage
D:3:      layout_basic, mainiacjoe_overflow_24_doors, elyvilon_altar_4,
          nicolae_overflow_hidden_temple, gammafunk_ghost_arena, uniq_sigmund,
          uniq_ijyb
D:4:      layout_loops_ring, minmay_misc_feat_chi, uniq_natasha
D:5:      layout_gridville, portal_sewer_entry_a, kennysheep_boxes, uniq_grinder
Sewer:    sewer_fruit_machine

Skill      XL: |  1  2  3  4  5  6 |
---------------+-------------------+-----
Stealth        | 3 |  3.9
Dodging        | 3 |  3.6
Spellcasting   | 4 5 |  5.4
Conjurations   | 5 6 |  6.5
Hexes          | 2 3 |  3.1

Action                   |  1- 3 |  4- 6 || total
-------------------------+-------+-------++-------
Melee: Mace              |       |     1 ||     1
 Cast: Magic Dart        |    70 |   136 ||   206
       Searing Ray       |     3 |    22 ||    25
  Use: Scroll            |     5 |     7 ||    12
Armor: Robe              |     2 |     2 ||     4
Dodge: Dodged            |     5 |    26 ||    31

Table legend: (Time is in decaauts)
 A = Elapsed time spent in this place.
 B = Non-inter-level travel time spent in this place.
 C = Inter-level travel time spent in this place.
 D = Time resting spent in this place.
 E = Time spent auto-exploring this place.
 F = Levels seen in this place.
 G = Mean time per level.
                   A        B        C        D        E       F      G
               +--------+--------+--------+--------+--------+-----+--------+
         Total |   5970 |   5698 |    272 |   1454 |   3076 |   6 |  995.0 |
       Dungeon |   5528 |   5256 |    272 |   1299 |   2974 |   5 | 1105.6 |
         Sewer |    441 |    441 |      0 |    155 |    102 |   1 |  441.0 |
               +--------+--------+--------+--------+--------+-----+--------+

Top non-repeatable levels by time:
     D:1: 1449 daAuts
     D:3: 1375 daAuts
     D:2: 1320 daAuts
     D:4: 953 daAuts
   Sewer: 441 daAuts
     D:5: 430 daAuts
